 Dungeon Crawl Stone Soup version 0.32-a0-607-g64ea0e4219 (webtiles) character file.

Game seed: 3966359351577643714

57 Sobieck the Firebug (level 3, -4/23 (26) HPs)
             Began as a Mountain Dwarf Fire Elementalist on Mar 3, 2024.
             Was a Believer of Jiyva.
             Slain by Terence
             ... wielding the +7 Throatcutter {drain, coup de grace}
              (10 damage)
             ... on level 3 of the Dungeon.
             The game lasted 00:02:49 (1354 turns).

Sobieck the Firebug (MDFE)                          Turns: 1354, Time: 00:02:49

HP:   -4/23 (26)    AC:  3    Str: 10    XL:     3   Next: 73%
MP:   2/6           EV: 11    Int: 17    God:    Jiyva [**....]
Gold: 54            SH:  0    Dex: 10    Spells: 3/6 levels left

rFire   . .          .
                       - Unarmed
rCold   . . .        (no shield)
rNeg    . . .        a - +0 robe
rPois   .            (no helmet)
rElec   .            h - +0 cloak
rCorr   +            (no gloves)
SInv    .            (no boots)
Will    .....        r - amulet of regeneration
Stlth   ++           (no ring)
HPRegen 1.99/turn    (no ring)
MPRegen 0.58/turn

%: no passive effects
@: heavily drained
A: runic magic, artefact enchanting
a: Renounce Religion


You were on level 3 of the Dungeon.
You worshipped Jiyva.
Jiyva was pleased with you.
You visited 1 branch of the dungeon, and saw 3 of its levels.

You collected 54 gold pieces.

Inventory:

Hand Weapons
 d - a +0 short sword
Missiles
 Z - 2 throwing nets
Armour
 a - a +0 robe (worn)
 h - a +0 cloak (worn)
Jewellery
 r - an amulet of regeneration (around neck)
Talismans
 j - a flux talisman
Scrolls
 c - a scroll of blinking {unknown}
 f - 2 scrolls of identify {unknown}
 g - a scroll of noise {unknown}
 i - a scroll of teleportation {unknown}
 k - 2 scrolls of fear {unknown}
Potions
 b - a potion of magic
 e - a potion of curing {unknown}
 l - a potion of cancellation {unknown}


   Skills:
 - Level 1.3 Dodging
 - Level 1.4 Stealth
 * Level 1.3 Unarmed Combat
 - Level 2.3 Spellcasting
 - Level 1.6 Conjurations
 - Level 4.2 Fire Magic
 + Level 0.4 Shapeshifting


You had 3 spell levels left.
You knew the following spells:

 Your Spells              Type           Power      Damage    Failure   Level
a - Foxfire               Conj/Fire      44%        2x1d6     5%          1
b - Scorch                Fire           32%        2d6       4%          2

Your spell library contained the following spells:

 Spells                   Type           Power      Damage    Failure   Level
 Inner Flame              Hex/Fire       9%         N/A       24%         3
 Volatile Blastmotes      Fire/Tloc      18%        2d11      24%         3
 Flame Wave               Conj/Fire      11%        2d6       50%         4


Dungeon Overview and Level Annotations

Branches:
Dungeon (3/15)

Altars:
Jiyva

Annotations:
D:3 Terence


Innate Abilities, Weirdness & Mutations

Your spellcasting is much less encumbered by armour.
You can use scrolls of enchantment on lesser artefacts.


Message History

Unknown command.
Unknown command.
You open the door.
There is an open door here.
l - a white potion Terence the Incautious comes into view.
He is wielding the +7 Throatcutter {drain, coup de grace}.
Terence is nearby!
Terence shouts!
Flames lash Terence.
Terence is moderately wounded.
Terence's fire resistance burns away.
Flames lash Terence.
Terence is burned terribly!
Terence is moderately wounded.
Flames lash Terence.
Terence is burned terribly!
Terence is almost dead.
Terence barely misses you.
You don't have enough magic to cast this spell.
You don't have enough magic to cast this spell.
Unknown command.
You hit Terence but do no damage.
Terence is almost dead.
Terence closely misses you.
You hit Terence but do no damage.
Terence is almost dead.
Terence hits you with the +7 Throatcutter!
Ouch! That really hurt!
* * * LOW HITPOINT WARNING * * *
You feel drained.
* * * LOW HITPOINT WARNING * * *
You are too injured to fight recklessly!
You are too injured to fight recklessly!
You are too injured to fight recklessly!
You are too injured to fight recklessly!
Casting: Scorch (safe; 4% risk of failure)
Confirm with . or Enter, or press ? or * to list all spells.
Flames lash Terence but do no damage.
Terence barely misses you.
Unknown command.
You barely miss Terence.
Terence is almost dead.
Terence hits you with the +7 Throatcutter!
* * * LOW HITPOINT WARNING * * *
You feel drained.
* * * LOW HITPOINT WARNING * * *
Unknown command.
You hit Terence but do no damage.
Terence is almost dead.
Terence hits you with the +7 Throatcutter!
You die...
Terence says, "Rest in peace."
Jiyva sends a jelly to digest your remains.

.....# #+##
###### #.# #
#.# # ##.### ##
######....# .#
#.........# .#
#.####....#
.####.#
##..###########
......#
#.....@@......
.######
#..###########
.# #.## .# #.#
## #.# #. #.


You could see Terence (combustible).

Vanquished Creatures
  2 adders (D:2)
  2 dart slugs (D:2)
  5 ball pythons
  5 goblins
  4 hobgoblins (D:2)
  3 jackals (D:2)
  3 kobolds
  2 quokkas
  3 bats (D:2)
  A frilled lizard (D:1)
  4 rats
34 creatures vanquished.

Vanquished Creatures (others)
  79 foxfires
79 creatures vanquished.

Grand Total: 113 creatures vanquished

Notes
Turn   | Place    | Note
-------+----------+-------------------------------------------
     0 | D:1      | Sobieck the Mountain Dwarf Fire Elementalist began the
                  | quest for the Orb.
     0 | D:1      | Reached XP level 1. HP: 14/14 MP: 3/3
    57 | D:1      | Found a faded altar of an unknown god.
    72 | D:1      | Reached skill level 1 in Conjurations
    74 | D:1      | Prayed at the altar of an unknown god.
    74 | D:1      | Became a worshipper of Jiyva Joguvoac the Shapeless
    74 | D:1      | Reached * piety under Jiyva
   315 | D:1      | Reached XP level 2. HP: 20/20 MP: 3/5
   535 | D:2      | Reached ** piety under Jiyva
   589 | D:2      | Learned a level 2 spell: Scorch
   598 | D:2      | Reached skill level 4 in Fire Magic
   669 | D:2      | Reached XP level 3. HP: 26/26 MP: 4/6
  1031 | D:2      | Reached skill level 1 in Unarmed Combat
  1343 | D:3      | Noticed Terence
  1354 | D:3      | Slain by Terence

Illustrated notes

Levels and vault maps discovered:
D:1:      minmay_arrival_four_houses, layout_rooms,
          hellmonk_ecumenical_altar_run_dry, serial_forest,
          infiniplex_forest_clump_long, infiniplex_forest_clump_C,
          infiniplex_forest_lined_3, infiniplex_forest_zigzag_2,
          infiniplex_forest_lined_room_3, infiniplex_forest_corner_1,
          infiniplex_forest_clump_long, infiniplex_forest_straight_4,
          amcnicky_mini_corridor_feature
D:2:      layout_loops_ring, minmay_cupped
D:3:      layout_loops_corners, mainiacjoe_overflow_alcove_1,
          nicolae_overflow_two_pavilions, uniq_terence, uniq_natasha

Skill      XL: |  1  2  3 |
---------------+----------+-----
Conjurations   | 1 |  1.6
Spellcasting   | 2 |  2.3
Fire Magic     | 4 |  4.2
Unarmed Combat | 1 |  1.3
Dodging        | |  1.3
Stealth        | |  1.4
Shapeshifting  | |  0.4

Action                     || total
---------------------------++-------
  Melee: Short sword       ||    12
         Unarmed           ||    65
   Cast: Foxfire           ||    46
         Scorch            ||     9
 Armour: Robe              ||    62
  Dodge: Dodged            ||    68

Table legend: (Time is in decaauts)
 A = Elapsed time spent in this place.
 B = Non-inter-level travel time spent in this place.
 C = Inter-level travel time spent in this place.
 D = Time resting spent in this place.
 E = Time spent auto-exploring this place.
 F = Levels seen in this place.
 G = Mean time per level.
                   A        B        C        D        E       F      G
               +--------+--------+--------+--------+--------+-----+--------+
         Total |   1352 |   1275 |     77 |      0 |    996 |   3 |  450.7 |
       Dungeon |   1352 |   1275 |     77 |      0 |    996 |   3 |  450.7 |
               +--------+--------+--------+--------+--------+-----+--------+

Top non-repeatable levels by time:
     D:2: 705 daAuts
     D:1: 584 daAuts
     D:3: 63 daAuts
